 Dungeon Crawl Stone Soup version 0.14-a0-3376-gf173aa4 (console) character file.

147 Garrluk the Slasher (level 4, 0/35 HPs)
             Began as a Formicid Fighter on Mar 20, 2014.
             Splashed by a jelly's acid (9 damage)
             ... on Level 1 of the Dungeon.
             The game lasted 00:02:46 (911 turns).

Garrluk the Slasher (Formicid Fighter)               Turns: 911, Time: 00:02:46

HP   0/35        AC  8     Str 21      XL: 4   Next: 62%
MP   5/5         EV  5     Int  8      God:
Gold 68          SH 18     Dex 10      Spells:  0 memorised,  3 levels left

rFire  . . .     SeeInvis +     b - +0,-2 short sword (flame)
rCold  . . .     Clarity  .     g - -1 chain mail
rNeg   . . .     Conserve .     c - -1 shield
rPois  .         rCorr    .     (helmet unavailable)
rElec  .         rRot     .     (no cloak)
SustAb . .       Spirit   .     (no gloves)
rMut   .         Warding  .     (no boots)
Saprov . . .     Stasis   +     (no amulet)
MR     .....                    (no ring)
                                (no ring)

@: not resistant to hostile enchantments, extremely unstealthy
A: permanent stasis, dig shafts and tunnels, four strong arms, antennae 3
a: Dig, Shaft Self


You were on level 1 of the Dungeon.
You were not hungry.

You visited 1 branch of the dungeon, and saw 1 of its levels.

You collected 68 gold pieces.

Notes
Turn   | Place    | Note
--------------------------------------------------------------
     0 | D:1      | Garrluk, the Formicid Fighter, began the quest for the Orb.
     0 | D:1      | Reached XP level 1. HP: 18/18 MP: 1/1
     2 | D:1      | Noticed a jelly
   225 | D:1      | Reached XP level 2. HP: 14/24 MP: 3/3
   569 | D:1      | Reached XP level 3. HP: 19/29 MP: 4/4
   881 | D:1      | Reached skill level 1 in Throwing
   907 | D:1      | Killed a jelly
   907 | D:1      | Reached XP level 4. HP: 35/35 MP: 5/5
   911 | D:1      | Splashed by a jelly's acid

Inventory:

Hand weapons
 a - a +0,+0 long sword
 b - a +0,-2 short sword of flaming (weapon)
   (You took it off a kobold on level 1 of the Dungeon)
Missiles
 o - 22 stones (quivered)
Armour
 c - a -1 shield (worn)
 g - a -1 chain mail (worn)
   (You found it on level 1 of the Dungeon)
Comestibles
 d - a bread ration
 h - a meat ration
 i - a honeycomb
Scrolls
 j - a scroll of noise {unknown}
 l - 2 scrolls of blinking {unknown}
 m - a scroll of magic mapping {unknown}
Jewellery
 f - an uncursed amulet of faith
   (You found it on level 1 of the Dungeon)
Potions
 e - a potion of might
 k - 2 potions of mutation {unknown}
 n - a potion of porridge

Table legend:
 A = Turns spent in this place as a percentage of turns spent in the entire game.
 B = Non-inter-level travel turns spent in this place as a percentage of non-inter-level travel turns spent in the entire game.
 C = Inter-level travel turns spent in this place as a percentage of turns spent in this place.
 D = Turns resting spent in this place as a percentage of non-inter-level travel turns spent in this place.
 E = Turns spent auto-exploring this place as a percentage of non-inter-level travel turns spent in this place.
 F = Non-inter-level travel turns spent in this place divided by the number of levels of this place that you've seen.
                   A       B       C       D       E      F
               +-------+-------+-------+-------+-------+----------------------
         Total | 100.0 | 100.0 |   0.0 |   0.8 |  13.5 | 244.0
       Dungeon | 100.0 | 100.0 |   0.0 |   0.8 |  13.5 | 244.0
               +-------+-------+-------+-------+-------+----------------------


   Skills:
 - Level 3.2 Fighting
 * Level 3.8 Long Blades
 + Level 1.6 Throwing
 - Level 3.2 Armour
 - Level 3.6 Shields


You had 3 spell levels left.
You didn't know any spells.

Dungeon Overview and Level Annotations

Branches:
Dungeon (1/15)

Altars:


Innate Abilities, Weirdness & Mutations

Your are under a permanent stasis effect.
You can dig through walls and to a lower floor.
Your four strong arms can wield two-handed weapons with a shield.
You have a pair of large antennae on your head (SInv).


Message History

You kill the jelly!
You have reached level 4!
You feel stronger. You block the rat's attack. The rat bites you.
You hit the jelly. You burn the jelly.
The jelly is lightly wounded.
You block the jelly's attack. You block the rat's attack.
You hit the jelly. You burn the jelly.
The jelly is moderately wounded.
You block the jelly's attack. You block the rat's attack.
You hit the jelly. You burn the jelly.
The jelly is heavily wounded.
The jelly hits you.
You are splashed with acid!
The acid burns!
The rat completely misses you. The jelly hits you.
You are splashed with acid!
The acid corrodes your +0 shield!
The acid burns!
* * * LOW HITPOINT WARNING * * *
You hit the jelly but do no damage.
The jelly is heavily wounded.
You block the rat's attack. The jelly hits you.
* * * LOW HITPOINT WARNING * * *
You are splashed with acid!
The acid corrodes your +0 chain mail!
The acid burns!
You die...

#.......≈≈≈≈≈≈..........##..[.
###........≈≈.≈≈....########....
#...........≈≈≈........# #....
#............≈≈........## #....
#...+...................# #....
#...##..................####....
#...##.###+#######'###..##......
#...##.#..⌠...>...⌠..#..........
#...##.#......<......#.###...###
#...##.+⌠....###....⌠'.# #...#
#...##.#.....Jr@.....#.# #...#
###.##.#######J#######.# #...#
#.##.# .....J.....#.# #...#
#.##.#.............#.# #...##
#....#.............#.# #....#
##.#.###############.###....#
#.#.................##...#.#
#......######............#.#
######## ####.#..#.#..#.#
#.#....#....# #.#.#..#.####


You could see an ooze, 2 jellies and a rat.

Table legend:
 A = Kills in this place as a percentage of kills in entire the game.
 B = Kills by you in this place as a percentage of kills by you in the entire game.
 C = Kills by friends in this place as a percentage of kills by friends in the entire game.
 D = Other kills in this place as a percentage of other kills in the entire game.
 E = Experience gained in this place as a percentage of experience gained in the entire game.
 F = Experience gained in this place divided by the number of levels of this place that you have seen.
                   A       B       C       D       E      F
               +-------+-------+-------+-------+-------+----------------------
         Total | 100.0 | 100.0 |  -nan |  -nan | 100.0 | 113.0
       Dungeon | 100.0 | 100.0 |  -nan |  -nan | 100.0 | 113.0
               +-------+-------+-------+-------+-------+----------------------

Vanquished Creatures
  Monster Symbol All 'J'
  A jelly (D:1)
1 creature vanquished. All 'K' A kobold (D:1)
1 creature vanquished. All 'b' 2 bats (D:1)
2 creatures vanquished. All 'g' 3 hobgoblins (D:1) 2 goblins (D:1)
5 creatures vanquished. All 'h' 9 jackals (D:1)
9 creatures vanquished. All 'l' A giant gecko (D:1)
1 creature vanquished. All 'r' 6 rats (D:1)
6 creatures vanquished. All 's' 4 giant cockroaches (D:1)
4 creatures vanquished.
29 creatures vanquished. Monster Nature Natural Monsters A jelly (D:1) A giant gecko (D:1) 2 bats (D:1) 4 giant cockroaches (D:1) 3 hobgoblins (D:1) 9 jackals (D:1) A kobold (D:1) 2 goblins (D:1) 6 rats (D:1)
29 creatures vanquished.
29 creatures vanquished. Ascending Order A jelly (D:1) A giant gecko (D:1) A kobold (D:1) 2 bats (D:1) 2 goblins (D:1) 3 hobgoblins (D:1) 4 giant cockroaches (D:1) 6 rats (D:1) 9 jackals (D:1)
29 creatures vanquished.

Action                   |  1- 3 |  4- 6 || total
-------------------------+-------+-------++-------
Melee: Long sword        |    76 |       ||    76
       Short sword       |    10 |     4 ||    14
  Use: Scroll            |     2 |       ||     2
